 Dungeon Crawl Stone Soup version 0.28.0-45-g0d030f2227 (webtiles) character file.

Game seed: 8839457329204268793

287 NinjaNoafa the Chopper (level 6, 55/55 HPs)
             Began as a Hill Orc Monk on Apr 19, 2022.
             Was an Initiate of Beogh.
             Quit the game on level 4 of the Dungeon.
             The game lasted 00:08:27 (5082 turns).

NinjaNoafa the Chopper (Hill Orc Monk)              Turns: 5082, Time: 00:08:27

Health: 55/55      AC:  7    Str: 16    XL:     6   Next: 30%
Magic:  7/7        EV: 16    Int: 10    God:    Beogh [......]
Gold:   224        SH:  7    Dex: 13    Spells: 5/5 levels left

rFire   . . .      SeeInvis .   a - +0 hand axe
rCold   . . .      Faith    .   l - +3 buckler
rNeg    . . .      Spirit   .   h - +3 leather armour
rPois   .          Reflect  .   g - +0 helmet
rElec   .          Harm     .   (no cloak)
rCorr   .          Rampage  .   (no gloves)
Will    .....                   (no boots)
Stlth   ++........              (no amulet)
HPRegen 0.18/turn               f - +4 ring of evasion
MPRegen 0.10/turn               (no ring)

@: no status effects
A: no striking features
a: Renounce Religion


You were on level 4 of the Dungeon.
You worshipped Beogh.
Beogh was noncommittal.
You visited 1 branch of the dungeon, and saw 5 of its levels.

You collected 224 gold pieces.

Inventory:

Hand Weapons
 a - a +0 hand axe (weapon)
 j - a +2 vampiric dagger
Missiles
 d - 3 poisoned darts (quivered)
Armour
 b - a +0 robe
 g - a +0 helmet (worn)
 h - a +3 leather armour (worn)
 l - a +3 buckler (worn)
Jewellery
 f - a +4 ring of evasion (left hand)
Wands
 i - a wand of charming (8)
 k - a wand of acid (5)
Scrolls
 e - a scroll of magic mapping
Potions
 c - 2 potions of attraction
Miscellaneous
 m - a piece from Xom's chessboard (15/15)


   Skills:
 + Level 4.9 Fighting
 - Level 1.7 Short Blades
 + Level 5.2 Axes
 + Level 3.3 Dodging
 - Level 2.5 Stealth
 + Level 1.7 Shields
 + Level 1.7 Invocations


You had 5 spell levels left.
You didn't know any spells.
Your spell library contained the following spells:

 Spells                   Type           Power      Damage    Failure   Level
 Ozocubu's Armour         Ice            0%         N/A       88%         3
 Ozocubu's Refrigeration  Ice            0%         4d5       100%        7


Dungeon Overview and Level Annotations

Branches:
Dungeon (5/15)
 Temple: D:4-7

Altars:
Dithmenos
Makhleb
Xom
The Shining One

Shops:
D:1 :


Message History

Things that are here:
4 stones; a +0 dagger
Things that are here:
4 stones; a +0 dagger
There is an open door here.
You open the door.
An orc wizard, 2 orc priests and a kobold come into view.
The orc wizard is wielding a +2 dagger of venom.
The orc wizard shouts!
The orc priest threatens, "By the altar or by the axe, you will meet Beogh!" (press Y on the ability menu to convert to Beogh)
The orc priest shouts!
The kobold shouts!
The orc wizard points at you and mumbles some strange words.
You resist with some effort.
The orc priest calls down the wrath of Beogh upon you.
Beogh smites you!
Found an escape hatch in the floor.
You bow before the missionary of Beogh.
You have lost your religion!
The Shining One does not appreciate desertion for evil!
Your divine halo fades away.
Beogh welcomes you!
With a roar of approval, the orcs welcome you as one of their own, and spare your life.
Unknown command.
The orc priest hits the kobold with a +0 mace.
The kobold dies!
There is an open door here.
You see here a +0 whip.
You swap places.
There is an open door here.
Things that are here:
a +0 hand axe; a +0 scale mail; an orc skeleton
Things that are here:
a +0 dagger; a +0 robe
Things that are here:
a +0 trident; a +0 leather armour
Things that are here:
a +0 hand axe; a +0 leather armour
Okay, then.
Are you sure you want to abandon this character and quit the game? (Confirm with "yes".)

....#
#..................#
....#
##..................#
....#
#......#.....########
....# #......#.....#
##.## #......o...o.##
#.#######'###......#
#
#.........#.'......#
.#
###########.#.)...)#
..# #.#).@)..# ...#
#.#.))..)# ....#
#.#..[...##.....#
#.#.............#
#.#.............#
#.####...)......# #.#
#......##### #.#
#......# #.# ########


You could see a neutral orc priest (wandering) and a neutral orc wizard
(wandering).

Vanquished Creatures
  Blork the orc (D:4)
  3 orc wizards
  A hound skeleton (D:4)
  3 adders
  2 worms
  3 dart slugs
  9 orcs
  7 endoplasms
  A giant cockroach (D:1)
  10 goblins
  5 hobgoblins
  5 jackals (D:1)
  8 kobolds
  3 quokkas
  8 ball pythons
  4 bats
  2 frilled lizards
  8 rats
  A butterfly (D:3)
84 creatures vanquished.

Vanquished Creatures (others)
  A kobold (D:4)
1 creature vanquished.

Grand Total: 85 creatures vanquished

Notes
Turn   | Place    | Note
-------+----------+-------------------------------------------
     0 | D:1      | NinjaNoafa the Hill Orc Monk began the quest for the Orb.
     0 | D:1      | Reached XP level 1. HP: 19/19 MP: 1/1
   381 | D:1      | Found Hed Byel's Book Shoppe.
   471 | D:1      | Reached XP level 2. HP: 27/27 MP: 2/2
  1053 | D:1      | Reached XP level 3. HP: 33/33 MP: 3/3
  1499 | D:2      | Found a faded altar of an unknown god.
  2093 | D:2      | Reached XP level 4. HP: 39/40 MP: 4/4
  2583 | D:3      | Found a shimmering altar of Xom.
  2613 | D:3      | Found a burning altar of Makhleb.
  2641 | D:3      | HP: 2/40 [something (1)]
  3172 | D:3      | Reached skill level 1 in Short Blades
  3671 | D:3      | Reached XP level 5. HP: 47/47 MP: 5/5
  3975 | D:4      | Found a shadowy altar of Dithmenos.
  4106 | D:5      | Entered Level 5 of the Dungeon
  4520 | D:4      | Found a glowing golden altar of the Shining One.
  4546 | D:4      | Became a worshipper of the Shining One
  4546 | D:4      | Reached * piety under the Shining One
  4546 | D:4      | Reached ** piety under the Shining One
  4616 | D:4      | Noticed Blork the orc
  4628 | D:4      | Killed Blork the orc
  4629 | D:4      | Reached skill level 5 in Axes
  4629 | D:4      | Reached skill level 1 in Shields
  4629 | D:4      | Reached skill level 1 in Invocations
  4629 | D:4      | Reached XP level 6. HP: 47/53 MP: 6/6
  4962 | D:4      | Fell from the grace of the Shining One
  4962 | D:4      | Became a worshipper of Beogh the Brigand
  5082 | D:4      | Quit the game

Illustrated notes

Levels and vault maps discovered:
D:1:      dpeg_arrival_prison, layout_loops_corners, serial_shops, shop,
          minmay_misc_feat_ornament, st_stairs_5
D:2:      layout_loops_cross, ebering_ecumenical_altar_rust,
          kennysheep_nondescript, minmay_misc_feat_chi, minmay_unequal
D:3:      layout_basic, bloody_makhleb, xom_butterflies, minivault_24,
          minmay_misc_feat_diagonals
D:4:      layout_basic, nicolae_tso_carved_into_rock, marbit_many_paths,
          uniq_blork_the_orc
D:5:      layout_basic, led_sif_pool, jmf_multi_god_temple2, uniq_duvessa,
          uniq_prince_ribbit1

Skill      XL: |  1  2  3  4  5 |
---------------+----------------+-----
Fighting       | 4 |  4.9
Stealth        | 2 |  2.5
Short Blades   | 1 |  1.7
Dodging        | 3 |  3.3
Axes           | 5 |  5.2
Shields        | 1 |  1.7
Invocations    | 1 |  1.7

Action                   |  1- 3 |  4- 6 || total
-------------------------+-------+-------++-------
Melee: Hand axe          |   115 |    40 ||   155
       Dagger            |     8 |   160 ||   168
Throw: Dart              |       |     3 ||     3
Invok: Convert to Beogh  |       |     1 ||     1
Evoke: Wand              |       |     1 ||     1
       Piece from Xom's  |       |     1 ||     1
  Use: Potion            |     1 |     3 ||     4
       Scroll            |       |     7 ||     7
 Stab: Sleeping          |     4 |       ||     4
Armor: Robe              |    23 |    29 ||    52
Dodge: Dodged            |    90 |   134 ||   224
Block: Buckler           |       |    67 ||    67
